 Dungeon Crawl Stone Soup version 0.19.1-1-g22dce08 (webtiles) character file.

646 dngmouse the Magician (level 7, -2/42 HPs)
             Began as a High Elf Wizard on Dec 28, 2016.
             Was an Initiate of Fedhas.
             Killed from afar by an orc wizard (6 damage)
             ... with a magic dart
             ... on level 4 of the Dungeon.
             The game lasted 00:30:00 (6345 turns).

dngmouse the Magician (High Elf Wizard)             Turns: 6345, Time: 00:30:00

Health: -2/42      AC:  2    Str:  6    XL:     7   Next: 27%
Magic:  3/17       EV: 13    Int: 23    God:    Fedhas [......]
Gold:   118        SH:  0    Dex: 15    Spells: 5 memorised, 8 levels left

rFire  . . .     SeeInvis .     q - +1 short sword (speed)
rCold  . . .     Gourm    .     a - +0 robe
rNeg   . . .     Faith    .     (no shield)
rPois  .         Spirit   .     b - +0 hat
rElec  .         Reflect  .     (no cloak)
rCorr  .         Harm     .     (no gloves)
MR     .....                    (no boots)
Stlth  ++........               (no amulet)
                                (no ring)
                                (no ring)

@: no status effects
A: no striking features
a: Fungal Bloom, Renounce Religion


You were on level 4 of the Dungeon.
You worshipped Fedhas.
Fedhas was noncommittal.
You were not hungry.

You visited 1 branch of the dungeon, and saw 4 of its levels.

You collected 118 gold pieces.

Inventory:

Hand Weapons
 q - a +1 short sword of speed (weapon)
Armour
 a - a +0 robe (worn)
 b - a +0 hat (worn)
Scrolls
 e - 4 scrolls of identify
 g - 2 scrolls of noise
 i - a scroll of enchant weapon
 o - a scroll of remove curse
Potions
 k - 2 potions of haste
 n - a potion of cancellation {unknown}
Books
 c - a book of Minor Magic

   Spells                             Type                      Level
   a - Magic Dart                     Conjuration                  1
   b - Blink                          Translocation                2
   c - Call Imp                       Summoning                    2
   d - Repel Missiles                 Charms/Air                   2
   e - Slow                           Hexes                        2
   f - Conjure Flame                  Conjuration/Fire             3
   g - Mephitic Cloud                 Conjuration/Poison/Air       3
Comestibles
 d - a bread ration
 f - 2 meat rations
 p - a beef jerky


   Skills:
 + Level 0.8 Fighting
 + Level 2.0 Short Blades
 + Level 2.9 Dodging
 + Level 3.3 Stealth
 + Level 6.5 Spellcasting
 + Level 4.0 Conjurations
   Level 0.8 Summonings
 - Level 3.1 Translocations
 + Level 0.4 Fire Magic
 + Level 1.2 Air Magic
 - Level 0.1 Poison Magic


You had 8 spell levels left.
You knew the following spells:

 Your Spells              Type           Power        Failure   Level  Hunger
a - Magic Dart            Conj           ####         1%          1    None
b - Blink                 Tloc           N/A          3%          2    None
c - Conjure Flame         Conj/Fire      ###.....     12%         3    None
d - Mephitic Cloud        Conj/Pois/Air  ###.....     14%         3    None
e - Slow                  Hex            #.......     14%         2    None


Dungeon Overview and Level Annotations

Branches:
Dungeon (4/15)
 Temple: D:4-7

Altars:
Fedhas
Nemelex Xobeh


Message History

The orc barely misses the orc.
The hound is engulfed in roaring flames.
The hound bites you.
* * * LOW HITPOINT WARNING * * *
You completely miss the hound.
The hound is heavily wounded.
The orc is engulfed in noxious fumes.
The orc appears confused.
The hound is engulfed in roaring flames.
You kill the hound!
You feel sick.
The orc is engulfed in noxious fumes.
The orc appears confused.
Casting: Mephitic Cloud
Confirm with . or Enter, or press ? or * to list all spells.
Aiming: Conjure Flame
Press: ? - help, Dir - move target cursor The fire roars with new energy!
You feel sick.
You are no longer poisoned.
The orc wizard casts a spell at you. The magic dart hits you!
You die...
Fedhas appreciates your contribution to the ecosystem.

#.##.# #..#####.#
#.#
.###.##.#########..#
#.# #.#
..............##...#
#.# #.#
#######.#####.##..##
#.# #.#
#.#####.##..######.#
#.#
#.............>....#
#.#
#....(...?.#########
#.# #######.##.# #.#
#.##@# #.#
########.##.# #.#
.........##.### #.#
###########§#.
####.# #######§....#
#.!..# #.....§o#...#
#.#### ##o##.## #.#
# ### #o# .# #.# .
.! #.# # #.#


You could see an orc wizard and 2 orcs.

Vanquished Creatures
  2 ogres (D:4)
  A howler monkey (D:4)
  A bullfrog zombie (D:3)
  4 orc priests
  A hound (D:4)
  2 orc wizards (D:4)
  A worker ant (D:4)
  A gnoll (D:1)
  8 adders
  An ooze (D:1)
  2 worms
  2 dart slugs (D:1)
  2 leopard geckos
  9 orcs
  7 giant cockroaches
  8 goblins
  12 hobgoblins
  6 jackals
  2 quokkas
  6 bats
  4 frilled lizards
  7 kobolds
  13 rats
102 creatures vanquished.

Vanquished Creatures (others)
  A giant cockroach (D:1)
  11 toadstools
12 creatures vanquished.

Grand Total: 114 creatures vanquished

Notes
Turn   | Place    | Note
-------+----------+-------------------------------------------
     0 | D:1      | dngmouse the High Elf Wizard began the quest for the Orb.
     0 | D:1      | Reached XP level 1. HP: 11/11 MP: 6/6
   202 | D:1      | Reached skill level 4 in Spellcasting
   250 | D:1      | Reached XP level 2. HP: 17/17 MP: 5/8
   340 | D:1      | Learned a level 2 spell: Blink
  1187 | D:1      | Reached XP level 3. HP: 18/21 MP: 7/10
  1797 | D:1      | Learned a level 3 spell: Conjure Flame
  1801 | D:1      | Learned a level 3 spell: Mephitic Cloud
  2020 | D:2      | Reached XP level 4. HP: 27/27 MP: 4/11
  2105 | D:2      | Found a blossoming altar of Fedhas.
  2571 | D:2      | Reached skill level 5 in Spellcasting
  2864 | D:2      | Became a worshipper of Fedhas Madash
  3698 | D:3      | Learned a level 2 spell: Slow
  3745 | D:3      | Reached XP level 5. HP: 25/31 MP: 4/13
  4141 | D:3      | Found a sparkling altar of Nemelex Xobeh.
  5226 | D:4      | Reached XP level 6. HP: 31/36 MP: 10/15
  5550 | D:4      | Reached skill level 1 in Short Blades
  5550 | D:4      | Reached skill level 6 in Spellcasting
  5550 | D:4      | Reached skill level 1 in Air Magic
  5791 | D:4      | Reached XP level 7. HP: 42/42 MP: 3/17
  6345 | D:4      | Killed from afar by an orc wizard

Skill      XL: |  1  2  3  4  5  6  7 |
---------------+----------------------+-----
Spellcasting   | 4 5 6 |  6.5
Translocations | 2 3 |  3.1
Conjurations   | 2 3 4 |  4.0
Stealth        | 3 |  3.3
Short Blades   | 1 2 |  2.0
Air Magic      | 1 |  1.2
Fighting       | |  0.8
Dodging        | |  2.9
Summonings     | |  0.8
Fire Magic     | |  0.4
Poison Magic   | |  0.1

Action                   |  1- 3 |  4- 6 |  7- 9 || total
-------------------------+-------+-------+-------++-------
Melee: Short sword       |     1 |    62 |     9 ||    72
 Cast: Magic Dart        |   131 |   170 |    11 ||   312
       Blink             |    10 |     5 |     4 ||    19
       Conjure Flame     |       |    15 |     5 ||    20
       Mephitic Cloud    |       |     9 |     4 ||    13
Invok: Fungal Bloom      |       |     5 |       ||     5
  Use: Scroll            |       |     6 |       ||     6
 Stab: Confused          |       |       |     2 ||     2
  Eat: Chunk             |     3 |     8 |     2 ||    13
       Bread ration      |       |     1 |       ||     1
Armor: Robe              |    10 |     5 |     2 ||    17
Dodge: Dodged            |    36 |    55 |    11 ||   102
